 Dungeon Crawl Stone Soup version 0.28.0-62-gf88900778d (webtiles) character file.

Game seed: 15208055389637767441

327 AarnesTheHuman the Chiller (level 6, -6/38 HPs)
             Began as an Octopode Transmuter on Sept 19, 2023.
             Mangled by an iguana (12 damage)
             ... on level 4 of the Dungeon.
             The game lasted 00:08:55 (5116 turns).

AarnesTheHuman the Chiller (Octopode Transmuter)    Turns: 5116, Time: 00:08:55

Health: -6/38      AC:  1    Str:  9    XL:     6   Next: 50%
Magic:  19/19      EV: 13    Int: 17    God:
Gold:   121        SH:  0    Dex: 13    Spells: 4/11 levels left

rFire   . . .      SeeInvis .     - Unarmed
rCold   . . .      Faith    .   (no shield)
rNeg    . . .      Spirit   .   (helmet currently unavailable)
rPois   .          Reflect  .   (no amulet)
rElec   .          Harm     .   m - ring of magical power
rCorr   .          Rampage  .   (no ring)
Will    .....                   (no ring)
Stlth   +++.......              (no ring)
HPRegen 0.12/turn               (no ring)
MPRegen 0.16/turn               (no ring)
                                (no ring)
                                (no ring)

@: appendages
A: tentacle spike 3, almost no armour, amphibious, 8 rings, camouflage 1,
gelatinous body 1, (nimble swimmer 1), tentacles
a: End Transformation


You were on level 4 of the Dungeon.
One of your tentacles had grown a beastly spike.
You visited 1 branch of the dungeon, and saw 4 of its levels.

You collected 121 gold pieces.

Inventory:

Hand Weapons
 a - a +0 dagger
 c - a +0 short sword
 l - a +1 vorpal spear
Missiles
 b - 87 bolts
 e - 132 stones
 k - 5 javelins (quivered)
Jewellery
 m - a ring of magical power (left tentacle)
Scrolls
 h - a scroll of teleportation
 q - a scroll of amnesia
Potions
 d - a potion of brilliance {unknown}
 f - a potion of heal wounds {unknown}
 g - 2 potions of curing {unknown}
 j - a potion of might
 n - 2 potions of flight
 o - a potion of resistance {unknown}
 p - a potion of berserk rage {unknown}


   Skills:
 - Level 1.0 Fighting
 - Level 2.0 Dodging
 - Level 1.0 Stealth
 - Level 3.0 Unarmed Combat
 - Level 3.0 Spellcasting
 - Level 4.0 Transmutations
 + Level 4.4 Ice Magic


You had 4 spell levels left.
You knew the following spells:

 Your Spells              Type           Power      Damage    Failure   Level
a - Beastly Appendage     Tmut           32%        N/A       3%          1
b - Wereblood             Tmut           16%        N/A       4%          2
c - Ice Form              Ice/Tmut       16%        N/A       30%         4

Your spell library contained the following spells:

 Spells                   Type           Power      Damage    Failure   Level
 Spider Form              Tmut/Pois      9%         N/A       22%         3
 Dazzling Flash           Conj/Hex       4%         N/A       45%         3
 Iskenderun's Mystic Bla  Conj/Tloc      2%         2d3       86%         4
 Starburst                Conj/Fire      1%         6d3       100%        6


Dungeon Overview and Level Annotations

Branches:
Dungeon (4/15)
 Temple: D:4-7

Altars:

Shops:
D:3 (

Annotations:
D:1 exclusions: ball python and gnoll
D:4 exclusion: two-headed ogre, Pikel


Innate Abilities, Weirdness & Mutations

One of your tentacles has grown a beastly spike.
You cannot wear most types of armour.
You are amphibious.
You can wear up to eight rings at the same time.
Your skin changes colour to match your surroundings (Stealth+).
Your rubbery body absorbs attacks. (AC +1, EV +1)
((You are camouflaged when in or above water. (Stealth+)))
You have tentacles for arms and can constrict up to eight enemies at once.


Message History

The endoplasm is almost dead.
The endoplasm barely misses you.
You tentacle-slap the endoplasm but do no damage.
You squeeze the endoplasm.
You kill the endoplasm!
No target in view!
An iguana comes into view.
Casting: Beastly Appendage (safe; 3% risk of failure)
Confirm with . or Enter, or press ? or * to list all spells.
One of your tentacles grows a vicious spike.
Found a yellow potion.
The helpless iguana fails to defend itself.
You tentacle-slap the iguana. You grab the iguana.
You pierce the iguana.
The iguana is lightly wounded.
You constrict the iguana, but do no damage.
The iguana bites you!
You tentacle-slap the iguana but do no damage.
You pierce the iguana.
The iguana is lightly wounded.
You constrict the iguana. The iguana bites you!
You tentacle-slap the iguana but do no damage.
You pierce the iguana.
The iguana is moderately wounded.
You constrict the iguana. The iguana closely misses you.
You tentacle-slap the iguana.
You pierce the iguana.
The iguana is heavily wounded.
You constrict the iguana. The iguana bites you!
* * * LOW HITPOINT WARNING * * *
Okay, then.
Okay, then.
Press: ? - help, v - describe, . - travel
Here: an iguana (heavily wounded, constricted by you)
The floor.
As you read the scroll labelled BEB VILEKI, it crumbles to dust.
You hear a loud clanging noise!
It was a scroll of noise.
You constrict the iguana, but do no damage.
You hear a shout! x5
The iguana bites you!
You die...

# ##. ##### # ....#######...### #
................. #
...............### #
.................# # #
..............# #.## #
.#'####..........l.#.#.#....#####
.#..............@..............##
##...............................
...............................##
...........#####.!..............
...........# #.................
.(.........# #............##.##
.....<.....#########.####### #..
.................. .# .#.
.................. . #


You could see an iguana.

Vanquished Creatures
  A necrophage (D:4)
  A jelly (D:4)
  Robin (D:4)
  A gnoll (D:2)
  11 adders
  A shadow imp (D:3)
  A worm (D:4)
  A dart slug (D:1)
  4 orcs (D:4)
  6 endoplasms
  4 giant cockroaches
  9 goblins
  6 hobgoblins
  2 jackals (D:3)
  A quokka (D:4)
  7 ball pythons
  9 bats
  5 frilled lizards
  A jackal skeleton (D:4)
  3 kobolds
  2 rats
77 creatures vanquished.

Notes
Turn   | Place    | Note
-------+----------+-------------------------------------------
     0 | D:1      | AarnesTheHuman the Octopode Transmuter began the quest for
                  | the Orb.
     0 | D:1      | Reached XP level 1. HP: 13/13 MP: 3/3
   132 | D:1      | Reached skill level 1 in Stealth
   191 | D:1      | Reached XP level 2. HP: 18/18 MP: 5/5
   254 | D:1      | Found a faded altar of an unknown god.
   970 | D:1      | Learned a level 2 spell: Wereblood
  1762 | D:2      | Reached XP level 3. HP: 23/23 MP: 6/6
  2155 | D:2      | Reached XP level 4. HP: 28/28 MP: 8/8
  2172 | D:2      | Learned a level 4 spell: Ice Form
  3263 | D:3      | Reached skill level 1 in Ice Magic
  3609 | D:3      | Reached XP level 5. HP: 33/33 MP: 9/9
  3644 | D:3      | Found Fudam's Weapon Emporium.
  4016 | D:4      | Noticed Robin
  4028 | D:4      | Killed Robin
  4066 | D:4      | Noticed a two-headed ogre
  4138 | D:4      | Noticed Pikel
  4422 | D:4      | Noticed a necrophage
  4504 | D:4      | Killed a necrophage
  4505 | D:4      | Reached XP level 6. HP: 33/38 MP: 10/10
  5116 | D:4      | Mangled by an iguana

Illustrated notes

Levels and vault maps discovered:
D:1:      scummos_arrival_checkerplants, layout_basic,
          shapermc_ecumenical_altar_mp_urbaneastern, minivault_25
D:2:      minmay_inner_zag, layout_basic, minmay_small_reverse_x
D:3:      layout_basic, serial_shops, nicolae_shop_bloodbath_and_beyond
D:4:      layout_basic, marbit_many_paths, due_unseen_surprise, uniq_robin,
          uniq_pikel

Skill      XL: |  1  2  3  4  5  6 |
---------------+-------------------+-----
Stealth        | 1 |  1.0
Transmutations | 3 4 |  4.0
Spellcasting   | 3 |  3.0
Ice Magic      | 1 3 4 |  4.4
Fighting       | |  1.0
Dodging        | |  2.0
Unarmed Combat | |  3.0

Action                   |  1- 3 |  4- 6 || total
-------------------------+-------+-------++-------
Melee: Unarmed           |    63 |   123 ||   186
       Constrict         |    19 |    28 ||    47
       Kick              |    19 |    42 ||    61
       Tentacles         |    13 |    22 ||    35
       Punch             |     1 |     7 ||     8
Throw: Stone             |     1 |       ||     1
       Throwing net      |     1 |       ||     1
       Javelin           |       |    10 ||    10
 Cast: Beastly Appendage |    13 |    18 ||    31
       Wereblood         |     2 |     8 ||    10
  Use: Scroll            |       |     8 ||     8
 Stab: Sleeping          |     7 |     5 ||    12
Armor: Skin              |     6 |    10 ||    16
Dodge: Dodged            |    40 |    78 ||   118
